 Dungeon Crawl Stone Soup version 0.23.1 (webtiles) character file.

Game seed: 5534472407874755547

107 ohad the Changer (level 4, 0/28 HPs)
             Began as an Octopode Transmuter on Mar 3, 2019.
             Slain by a gnoll
             ... wielding a +0 spear
              (9 damage)
             ... on level 3 of the Dungeon.
             The game lasted 00:05:02 (2078 turns).

ohad the Changer (Octopode Transmuter)              Turns: 2078, Time: 00:05:03

Health: 0/28       AC:  1    Str:  9    XL:     4   Next: 85%
Magic:  5/7        EV: 13    Int: 16    God:
Gold:   90         SH:  0    Dex: 12    Spells: 1/7 levels left

rFire    . . .     SeeInvis .     - Unarmed
rCold    . . .     Gourm    .   (no shield)
rNeg     . . .     Faith    .   (helmet restricted)
rPois    .         Spirit   .   (no amulet)
rElec    .         Reflect  .   h - ring of protection from magic
rCorr    .         Harm     .   (no ring)
MR       +....                  (no ring)
Stlth    +++.......             (no ring)
HPRegen  0.09/turn              (no ring)
MPRegen  0.10/turn              (no ring)
                                (no ring)
                                (no ring)

@: very slightly contaminated
A: almost no armour, stealthy swim, amphibious, 8 rings, constrict 8, camouflage
1, gelatinous body 1
a: no special abilities


You were on level 3 of the Dungeon.
You were not hungry.

You visited 1 branch of the dungeon, and saw 3 of its levels.

You collected 90 gold pieces.

Inventory:

Missiles
 a - 58 arrows
 k - 7 javelins (quivered)
Jewellery
 h - a ring of protection from magic (left tentacle)
Wands
 e - a wand of clouds (5)
Scrolls
 b - a scroll of enchant armour {unknown}
 d - a scroll of blinking {unknown}
 f - 6 scrolls of identify {unknown}
 i - a scroll of remove curse {unknown}
Potions
 g - a potion of lignification {unknown}
 j - a potion of heal wounds {unknown}
Comestibles
 c - 4 rations
 l - 3 chunks of flesh


   Skills:
 - Level 1.0 Fighting
 - Level 2.0 Dodging
 - Level 3.0 Stealth
 - Level 3.4 Unarmed Combat
 - Level 2.1 Spellcasting
 + Level 3.7 Transmutations


You had one spell level left.
You knew the following spells:

 Your Spells              Type           Power        Failure   Level  Hunger
a - Beastly Appendage     Tmut           ##....       4%          1    #......
b - Sticks to Snakes      Tmut           ##......     7%          2    ###....
c - Spider Form           Tmut/Pois      #.........   28%         3    ###....

Your spell library contained the following spells:

 Spells                   Type           Power        Failure   Level  Hunger
 Ice Form                 Ice/Tmut       #.......     67%         4    #####..
 Blade Hands              Tmut           ##........   77%         5    ######.


Dungeon Overview and Level Annotations

Branches:
Dungeon (3/15)

Altars:
Kikubaaqudgha
Qazlal
Ru
The Shining One


Innate Abilities, Weirdness & Mutations

You cannot wear most types of armour.
You are very stealthy in the water. (Stealth+)
You are amphibious.
You can wear up to eight rings at the same time.
You can use your tentacles to constrict eight enemies at once.
Your skin changes colour to match your surroundings (Stealth+).
Your rubbery body absorbs attacks. (AC +1, EV +1)


Message History

You tentacle-slap the gnoll. You grab the gnoll.
You pierce the gnoll, but do no damage.
The gnoll is moderately wounded.
You constrict the gnoll, but do no damage.
The gnoll misses you.
The gnoll hits you from afar with a +0 spear.
You tentacle-slap the gnoll but do no damage.
You pierce the gnoll.
The gnoll is severely wounded.
You constrict the gnoll. The gnoll barely misses you.
The gnoll hits you with a +0 flail!
You tentacle-slap the gnoll.
You pierce the gnoll.
You kill the gnoll!
The gnoll hits you from afar with a +0 spear!
* * * LOW HITPOINT WARNING * * *
Your transformation is almost over.
There is an open door here.
Your tentacle spike disappears.
The gnoll hits you from afar with a +0 spear!
You die...

.### ##.....## #.##.###.# ..##
##...## #g##.# #.# ...## ##+##
#.##.# #.# ....# #.# #.##.#
#.# ...## #.########.##.# #.#
..## ##.##....g.....# #.# .##
##...#g#####.#..###.#
.#########......#####........#
................@...###..#####
############.##(###......#
####.# ####.## #.#######.#
#.........# ##########


You could see a gnoll.

Vanquished Creatures
  2 gnolls (D:3)
  2 adders
  An ooze (D:2)
  An adder zombie (D:3)
  3 leopard geckos (D:2)
  An orc (D:2)
  8 bats
  5 giant cockroaches
  5 goblins
  7 hobgoblins
  A quokka (D:2)
  6 frilled lizards
  9 kobolds
  4 rats
55 creatures vanquished.

Notes
Turn   | Place    | Note
-------+----------+-------------------------------------------
     0 | D:1      | ohad the Octopode Transmuter began the quest for the Orb.
     0 | D:1      | Reached XP level 1. HP: 13/13 MP: 3/3
    39 | D:1      | Reached XP level 2. HP: 10/18 MP: 5/5
   450 | D:1      | Reached skill level 1 in Stealth
   518 | D:1      | Reached XP level 3. HP: 23/23 MP: 6/6
   522 | D:1      | Learned a level 2 spell: Sticks to Snakes
   526 | D:1      | Learned a level 3 spell: Spider Form
  1254 | D:2      | Found a stormy altar of Qazlal.
  1320 | D:2      | Found an ancient bone altar of Kikubaaqudgha.
  1322 | D:2      | Reached XP level 4. HP: 28/28 MP: 7/7
  1354 | D:2      | Found a sacrificial altar of Ru.
  1563 | D:2      | Found a glowing golden altar of the Shining One.
  2078 | D:3      | Slain by a gnoll

Skill      XL: |  1  2  3  4 |
---------------+-------------+-----
Stealth        | 1 3 |  3.0
Transmutations | 3 |  3.7
Fighting       | |  1.0
Dodging        | |  2.0
Unarmed Combat | |  3.4
Spellcasting   | |  2.1

Action                   |  1- 3 |  4- 6 || total
-------------------------+-------+-------++-------
Melee: Unarmed           |    78 |    43 ||   121
       Constrict         |    19 |    10 ||    29
       Tentacles         |     7 |     5 ||    12
       Punch             |     1 |       ||     1
       Kick              |       |     4 ||     4
 Cast: Beastly Appendage |     3 |     2 ||     5
       Spider Form       |     1 |     1 ||     2
  Use: Potion            |     1 |       ||     1
 Stab: Sleeping          |    16 |     5 ||    21
  Eat: Chunk             |     1 |     3 ||     4
Armor: Skin              |     7 |     7 ||    14
Dodge: Dodged            |    34 |    20 ||    54
